Map: Efflorescence LE

Players

Kankan

  • Race: Protoss Protoss
  • Spawn Location: 12:00

Onebert

  • Race: Terran Terran
  • Spawn Location: 3:00

Throwfordays - Winner!

  • Race: Protoss Protoss
  • League: Bronze
  • Spawn Location: 9:00

Faust - Winner!

  • Race: Zerg Zerg
  • League: Platinum
  • Spawn Location: 6:00

VOD

Have the link to the VOD?

Description

Time

  • Played on: Jan. 24, 2019, 2:44 p.m.
  • Length: 8:53
Show
View Real Time Build Order
Export as new Build Order

Kankan Protoss 

Build Orders:  

Get SALT Encoding   

  12  0:18  Assimilator  
  12  0:22  Assimilator  
  12  0:36  Pylon  
  12  0:45  Pylon  
  12  0:59  Gateway  
  12  1:13  Gateway  
  12  1:50  Pylon  
  12  2:01  Zealot  
  14  2:03  Zealot  
  16  2:28  Zealot  
  18  2:30  Zealot  
  20  2:55  Zealot  
  20  2:57  Zealot  
  24  3:53  Nexus  
  15  4:16  Zealot  
  17  4:17  Zealot  
  19  4:34  Assimilator  
  19  5:01  Probe  
  20  5:39  Probe  
  21  6:19  Probe  
  22  6:33  Probe  
  23  7:07  Probe  
  24  7:13  Probe  
  3  8:46  Assimilator  
Show
View Real Time Build Order
Export as new Build Order

Onebert Terran 

Build Orders:  

Get SALT Encoding   

  12  0:12  SCV  
  13  0:25  SCV  
  13  0:28  Refinery  
  14  0:32  Refinery  
  14  0:37  SCV  
  15  0:46  Supply Depot  
  15  0:54  Supply Depot  
  15  1:08  SCV  
  16  1:16  Supply Depot  
  16  1:20  SCV, Supply Depot  
  17  1:32  SCV  
  18  1:44  SCV  
  19  1:48  Barracks  
  19  1:55  Supply Depot  
  19  1:56  SCV  
  20  2:22  Barracks  
  20  2:29  Engineering Bay  
  20  2:34  Supply Depot  
  20  2:39  Marine  
  21  2:49  Bunker  
  21  2:56  Marine  
  22  2:59  Ghost Academy  
  22  3:05  SCV  
  23  3:14  Marine  
  23  3:17  SCV  
  25  3:21  Factory  
  25  3:32  Marine  
  26  3:34  Bunker  
  26  3:41  Marine  
  27  3:50  Marine  
  28  3:59  Marine  
  28  4:17  Marine  
  24  4:35  Marine  
  24  4:44  Marine  
  25  4:53  Marine  
  25  4:57  SCV  
  27  5:02  Marine  
  28  5:09  SCV  
  28  5:10  Marine  
  30  5:20  Marine  
  30  5:21  SCV  
  32  5:28  Marine  
  33  5:38  Marine  
  34  5:46  Marine  
  35  5:56  Marine  
  36  6:13  Barracks Tech Lab  
  36  6:15  Command Center  
  36  6:20  SCV  
  37  6:31  Personal Cloaking  
  37  6:32  SCV  
  38  6:42  Starport  
  38  6:44  SCV  
  39  6:52  Marauder  
  41  7:14  Marauder  
  42  7:20  Refinery  
  31  7:30  Marine  
  21  7:48  Marine  
  3  8:06  Marine  
  3  8:24  Marine  
Show
View Real Time Build Order
Export as new Build Order

Throwfordays Protoss - Winner!

Build Orders:  

Get SALT Encoding   

  12  0:01  Probe  
  13  0:13  Probe  
  14  0:18  Pylon  
  14  0:25  Probe  
  15  0:41  Gateway  
  15  0:44  Assimilator  
  15  0:45  Probe  
  16  1:04  Probe  
  17  1:16  Probe  
  18  1:28  Cybernetics Core, Probe  
  18  1:31  Zealot  
  21  1:35  Pylon  
  21  1:40  Probe  
  21  1:44  Warp Gate  
  22  1:52  Probe  
  23  1:59  Pylon  
  23  2:19  Zealot  
  25  2:32  Pylon  
  25  2:35  Nexus  
  25  2:38  Pylon  
  25  2:44  Assimilator, Gateway  
  25  2:48  Probe  
  26  3:00  Probe  
  26  3:01  Adept  
  29  3:12  Probe  
  30  3:14  Gateway  
  30  3:30  Pylon  
  30  3:37  Gateway  
  30  3:40  Adept  
  32  3:43  Adept  
  34  3:59  Probe  
  34  4:00  Probe  
  36  4:11  Probe  
  36  4:12  Probe  
  38  4:23  Probe  
  38  4:24  Twilight Council, Probe  
  40  4:35  Probe  
  40  4:36  Probe  
  42  4:41  Robotics Facility  
  42  4:46  Resonating Glaives  
  42  4:47  Probe  
  42  4:48  Probe  
  42  4:50  Adept  
  46  4:59  Probe  
  47  5:00  Probe  
  48  5:11  Probe  
  48  5:12  Probe  
  50  5:15  Adept  
  50  5:19  Adept  
  54  5:22  Gateway  
  54  5:23  Probe  
  54  5:24  Probe  
  54  5:27  Gateway  
  56  5:29  Observer  
  57  5:36  Robotics Bay, Probe x2  
  57  5:39  Forge  
  59  5:50  Assimilator  
  59  5:51  Observer  
  59  5:55  Assimilator  
  60  6:00  Adept x4  
  68  6:24  Protoss Ground Weapons Level 1  
  68  6:29  Pylon  
  68  6:41  Gravitic Boosters  
  68  6:47  Stalker x6  
  80  7:02  Pylon  
  80  7:31  Stalker  
  80  7:32  Stalker x5  
  86  8:45  Stalker x4  
  86  8:47  Pylon  
  94  8:49  Pylon  
Show
View Real Time Build Order
Export as new Build Order

Faust Zerg - Winner!

Build Orders: Hatch First 

Get SALT Encoding   

  12  0:01  Drone  
  13  0:09  Drone  
  14  0:16  Extractor  
  14  0:17  Drone  
  15  0:23  Overlord  
  15  0:44  Drone x2  
  17  0:55  Hatchery  
  16  0:57  Drone  
  17  1:12  Spawning Pool  
  17  1:14  Drone  
  17  1:18  Extractor  
  16  1:22  Drone  
  16  1:24  Drone  
  18  1:29  Drone  
  19  1:54  Overlord  
  19  2:00  Zergling x2  
  19  2:01  Zergling x2  
  21  2:06  Queen x2  
  21  2:07  Zergling x2  
  26  2:12  Zergling x2  
  27  2:17  Zergling x2  
  27  2:22  Metabolic Boost  
  28  2:25  Zergling x2  
  29  2:34  Drone  
  29  2:35  Drone  
  31  2:39  Overlord  
  31  2:45  Overlord  
  31  2:53  Drone  
  31  2:54  Drone  
  31  2:57  Lair  
  33  3:01  Drone  
  34  3:11  Drone x2  
  36  3:17  Drone x4  
  40  3:23  Overlord  
  40  3:28  Drone x2  
  41  3:42  Baneling Nest  
  40  3:58  Zergling x8  
  40  3:59  Zergling x14  
  51  4:23  Zergling x4  
  51  4:24  Zergling x6  
  54  4:34  Overlord x3  
  54  4:37  Overseer  
  54  4:43  Drone x2  
  56  4:51  Drone x2  
  58  4:53  Extractor  
  58  4:56  Hatchery  
  56  5:07  Drone x3  
  56  5:10  Centrifical Hooks  
  56  5:12  Evolution Chamber x2  
  57  5:18  Drone x2  
  59  5:33  Drone  
  59  5:34  Drone x4  
  64  5:37  Extractor x2  
  64  5:40  Zergling x4  
  64  5:41  Zergling x4  
  66  5:44  Overseer  
  66  5:48  Overseer  
  66  5:49  Drone  
  67  5:50  Drone x2  
  67  5:54  Infestation Pit  
  67  5:56  Zerg Melee Weapons Level 1  
  68  6:15  Drone  
  68  6:16  Drone x9  
  68  6:17  Queen  
  80  6:19  Overlord  
  80  6:24  Pneumatized Carapace  
  80  6:27  Drone x3  
  80  6:30  Extractor  
  82  6:36  Zerg Ground Armor Level 1  
  82  6:37  Drone  
  82  6:38  Drone x2  
  85  6:41  Drone  
  85  6:42  Drone  
  87  6:48  Drone  
  88  6:56  Baneling x4  
  88  7:02  Drone x2  
  88  7:03  Drone  
  88  7:05  Extractor  
  90  7:10  Overlord x2  
  90  7:14  Hatchery  
  89  7:19  Baneling  
  89  7:20  Baneling x3  
  86  7:41  Drone  
  86  7:42  Drone x2  
  86  7:43  Drone  
  90  7:44  Drone x4  
  90  7:45  Drone x3  
  96  7:52  Pathogen Glands  
  96  7:57  Drone x2  
  98  8:06  Drone  
  98  8:07  Drone x7  
Tags
 
Add a new tag
Caveats
  • Supply blocks, unpowered buildings, or Contaminate may cause inaccurate times.
  • Supply counts are checked every 10 seconds.